 Dungeon Crawl Stone Soup version 0.20-a0-548-g4f8a798 (webtiles) character file.

618 Alarkh the Slasher (level 7, 41/52 HPs)
             Began as a Demonspawn Monk on Feb 1, 2017.
             Was a Believer of Okawaru.
             Quit the game on level 3 of the Dungeon.
             The game lasted 00:06:30 (4779 turns).

Alarkh the Slasher (Demonspawn Monk)                Turns: 4779, Time: 00:06:31

Health: 41/52      AC:  6    Str: 11    XL:     7   Next: 21%
Magic:  5/7        EV: 11    Int: 13    God:    Okawaru [**....]
Gold:   199        SH:  0    Dex: 16    Spells: 6/6 levels left

rFire    . . .     SeeInvis .   a - +0 falchion (slice)
rCold    . . .     Gourm    .   o - +0 ring mail (curse)
rNeg     . . .     Faith    .   (no shield)
rPois    .         Spirit   .   (helmet restricted)
rElec    .         Reflect  .   (no cloak)
rCorr    .         Harm     .   g - +0 pair of gloves
MR       .....                  (no boots)
Stlth    +.........             k - amulet of inaccuracy (curse)
Regen    4.2/turn               (no ring)
                                (no ring)

@: no status effects
A: horns 1, powered by death 2, rot immunity, sanguine armour 1
a: Heroism, Renounce Religion


You were on level 3 of the Dungeon.
You worshipped Okawaru.
Okawaru was pleased with you.
You were not hungry.

You visited 2 branches of the dungeon, and saw 5 of its levels.

You collected 199 gold pieces.

Inventory:

Hand Weapons
 a - a +0 falchion of slicing (weapon)
 l - a +0 falchion
Armour
 b - a +0 robe
 g - a +0 pair of gloves (worn)
 o - a cursed +0 ring mail (worn)
Jewellery
 k - a cursed amulet of inaccuracy (around neck)
Scrolls
 e - a scroll of immolation {unknown}
 f - a scroll of enchant armour
 j - a scroll of fear
Potions
 d - a potion of cure mutation
 i - 2 potions of lignification {unknown}
 m - a potion of agility
 n - a potion of haste
 r - a potion of heal wounds {unknown}
Comestibles
 c - 2 bread rations
 h - a meat ration


   Skills:
 - Level 3.0 Fighting
 + Level 7.7 Long Blades
 - Level 2.6 Dodging
 - Level 1.7 Stealth


You had 6 spell levels left.
You didn't know any spells.

Dungeon Overview and Level Annotations

Branches:
Dungeon (4/15)             Temple (1/1) D:4

Altars:
Ashenzari
Cheibriados
Dithmenos
Elyvilon
Fedhas
Gozag
Hepliaklqana
Kikubaaqudgha
Makhleb
Nemelex Xobeh
Okawaru
Qazlal
Ru
Sif Muna
Trog
Uskayaw
Xom
Yredelemnul
Zin
The Shining One

Shops:
D:4 =


Innate Abilities, Weirdness & Mutations

You have a pair of small horns on your head.
You regenerate health from kills.
You are immune to rotting.
When seriously injured, your bleeding wounds create armour. (AC +0)


Message History

The ooze is severely wounded.
The giant cockroach misses you.
You hit the water moccasin.
You kill the water moccasin!
Okawaru accepts your kill.
You have reached level 7!
Your demonic ancestry asserts itself...
You feel immune to rotting. The ooze hits you but does no damage.
The giant cockroach barely misses you.
You hit the ooze.
You kill the ooze!
Okawaru accepts your kill.
Your blood armour dries and flakes away.
The giant cockroach bites you.
You closely miss the giant cockroach. You headbutt the giant cockroach.
You kill the giant cockroach!
Okawaru accepts your kill.
No target in view!
No target in view!
Are you sure you want to abandon this character and quit the game? (Confirm with "yes".)

###.# ######.#(....).####.......#
#.# #......#..(?.###[.##.....(#
#.# #.####.#(.$.†##..?.#.......
###'###.# #.##)..'#'....#......#
......#.# ##.#####.##..##......#
......#.###.......#'#####.......#
............###..##.##..........
###(........#....'(.%#..#...
............#.#.@##.##..# .
###.........#.#†..###...#
#.........# #.........#
#.........# #.........#
#.........# ).........#
#.#.#.....###.........# #.#.#....
.........%# #####.####


There were no monsters in sight!

Vanquished Creatures
  A water moccasin (D:3)
  A sky beast (D:3)
  A bullfrog (D:3)
  A hound (D:4)
  A jelly (D:3)
  An iguana (D:4)
  A worker ant (D:4)
  Terence (D:3)
  Robin (D:2)
  7 adders
  A shadow imp (D:4)
  An ooze (D:3)
  An adder skeleton (D:4)
  5 worms
  A dart slug (D:1)
  A leopard gecko (D:2)
  12 orcs
  2 ball pythons
  7 bats
  6 giant cockroaches
  12 goblins
  14 hobgoblins
  5 jackals (D:2)
  13 kobolds
  3 quokkas
  8 frilled lizards
  A jackal skeleton (D:4)
  6 rats
115 creatures vanquished.

Notes
Turn   | Place    | Note
-------+----------+-------------------------------------------
     0 | D:1      | Alarkh the Demonspawn Monk began the quest for the Orb.
     0 | D:1      | Reached XP level 1. HP: 18/18 MP: 1/1
    60 | D:1      | Reached skill level 3 in Long Blades
   214 | D:1      | Gained mutation: You have a pair of small horns on your head. [demonic ancestry]
   214 | D:1      | Reached XP level 2. HP: 24/24 MP: 2/2
   260 | D:2      | Noticed Robin
   579 | D:1      | Reached XP level 3. HP: 17/29 MP: 3/3
   922 | D:1      | Reached skill level 4 in Long Blades
   998 | D:1      | You fall through a shaft!
  1064 | D:2      | Killed Robin
  1064 | D:2      | Gained mutation: You regenerate a little health from kills. [demonic ancestry]
  1064 | D:2      | Reached XP level 4. HP: 3/35 MP: 4/4
  2084 | D:2      | Reached skill level 5 in Long Blades
  2492 | D:2      | Gained mutation: When seriously injured, your bleeding wounds create armour. (AC +0) [demonic ancestry]
  2492 | D:2      | Reached XP level 5. HP: 40/41 MP: 5/5
  2913 | D:2      | Found a deep blue altar of Sif Muna.
  2915 | D:2      | Found a glowing silver altar of Zin.
  3063 | D:3      | Noticed Terence
  3074 | D:3      | Killed Terence
  3602 | D:3      | Noticed a sky beast
  3603 | D:3      | Noticed a water moccasin
  3798 | D:3      | Reached skill level 6 in Long Blades
  3910 | D:4      | Found Sussizit's Jewellery Emporium.
  3937 | D:4      | Found a staircase to the Ecumenical Temple.
  3993 | Temple   | Entered the Ecumenical Temple
  4215 | Temple   | Became a worshipper of Warmaster Okawaru
  4215 | Temple   | Reached * piety under Okawaru
  4215 | Temple   | Reached ** piety under Okawaru
  4318 | D:4      | Gained mutation: You regenerate health from kills. [demonic ancestry]
  4318 | D:4      | Reached XP level 6. HP: 24/47 MP: 6/6
  4552 | D:3      | Killed a sky beast
  4726 | D:3      | Reached skill level 7 in Long Blades
  4776 | D:3      | Killed a water moccasin
  4776 | D:3      | Gained mutation: You are immune to rotting. [demonic ancestry]
  4776 | D:3      | Reached XP level 7. HP: 34/52 MP: 5/7
  4779 | D:3      | Quit the game

Vault maps used:
D:1:      lightli_arrival_farm, minmay_misc_feat_encased, grunt_decor_clamped,
          patterned_corridor
D:2:      kb_forest_paths, minitemple, uniq_robin
D:3:      minmay_joined_circles, uniq_terence, uniq_crazy_yiuf_cottage
D:4:      minmay_temple_entry_hall, serial_shops, shop, first_bread,
          st_stairs_13
Temple:   dpeg_five_rooms_temple

Skill      XL: |  1  2  3  4  5  6 |
---------------+-------------------+-----
Long Blades    | 3 4 5 6 7 |  7.7
Fighting       | |  3.0
Dodging        | |  2.6
Stealth        | |  1.7

Action                   |  1- 3 |  4- 6 |  7- 9 || total
-------------------------+-------+-------+-------++-------
Melee: Falchion          |   131 |   369 |     2 ||   502
       Headbutt          |    12 |    71 |     1 ||    84
       Punch             |       |     1 |       ||     1
Invok: Heroism           |       |     1 |       ||     1
  Use: Potion            |     2 |     4 |       ||     6
       Scroll            |       |     4 |       ||     4
 Stab: Sleeping          |     3 |     2 |       ||     5
  Eat: Chunk             |       |    13 |       ||    13
Armor: Ring mail         |    51 |   138 |     1 ||   190
Dodge: Dodged            |    90 |   254 |     1 ||   345
       Rpst.: Falchion   |    19 |    75 |       ||    94
